 Dungeon Crawl Stone Soup version 0.27.1-3-gb3d3a73c9e (webtiles) character file.

Game seed: 12471464506435294105

33 horus123 the Chiller (level 3, -2/26 HPs)
             Began as a Demigod Ice Elementalist on Oct 29, 2021.
             Slain by an adder (3 damage)
             ... on level 2 of the Dungeon.
             The game lasted 00:02:35 (1033 turns).

horus123 the Chiller (Demigod Ice Elementalist)     Turns: 1033, Time: 00:02:35

Health: -2/26      AC:  2    Str:  7 (9)  XL:     3   Next: 0%
Magic:  3/9        EV: 12    Int: 18 (21) God:
Gold:   72         SH:  0    Dex: 12 (14) Spells: 5/6 levels left

rFire    . . .     SeeInvis .   i - +1 short sword (venom)
rCold    . . .     Faith    .   (no shield)
rNeg     . . .     Spirit   .   a - +0 robe
rPois    .         Reflect  .   (no helmet)
rElec    .         Harm     .   (no cloak)
rCorr    .         Rampage  .   (no gloves)
Will     +....                  (no boots)
Stlth    ++........             (no amulet)
HPRegen  0.08/turn              d - ring of willpower
MPRegen  0.11/turn              (no ring)

@: lethally poisoned (-2 -> -5)
A: high mp 1, forlorn
a: no special abilities


You were on level 2 of the Dungeon.
You visited 1 branch of the dungeon, and saw 2 of its levels.

You collected 72 gold pieces.

Inventory:

Hand Weapons
 i - a +1 short sword of venom (weapon)
Armour
 a - a +0 robe (worn)
Jewellery
 d - a ring of willpower (left hand)
Scrolls
 b - a scroll of torment {unknown}
 c - a scroll of enchant armour {unknown}
 h - 2 scrolls of identify {unknown}
Potions
 e - a potion of flight {unknown}
 g - a potion of attraction {unknown}


   Skills:
 + Level 1.9 Dodging
 + Level 1.8 Stealth
 + Level 2.2 Spellcasting
 + Level 4.2 Ice Magic


You had 5 spell levels left.
You knew the following spells:

 Your Spells              Type           Power      Damage    Failure   Level
a - Freeze                Ice            68%        1d8       3%          1

Your spell library contained the following spells:

 Spells                   Type           Power      Damage    Failure   Level
 Frozen Ramparts          Ice            34%        1d5       10%         3
 Ozocubu's Armour         Ice            17%        N/A       10%         3
 Hailstorm                Conj/Ice       9%         3d4       58%         4


Dungeon Overview and Level Annotations

Branches:
Dungeon (2/15)


Innate Abilities, Weirdness & Mutations

Your attributes grow dramatically as you level up.
You have an increased reservoir of magic. (+10% MP)
You shall have no god before yourself.


Message History

The adder is severely wounded.
The adder barely misses you.
You freeze the adder!
You kill the adder!
The adder barely misses you.
You have reached level 3!
Your experience leads to a dramatic increase in your attributes!
Increase (S)trength, (I)ntelligence, or (D)exterity?
You feel clever. x4
You don't have enough magic to cast this spell.
The adder barely misses you. The quokka closely misses you.
A worm comes into view.
The frilled lizard hisses.
The adder misses you.
Found 9 gold pieces.
The adder bites you. The quokka closely misses you.
The quokka barely misses you. The adder bites you. The quokka misses you.
The quokka bites you. The frilled lizard barely misses you.
The adder bites you.
The frilled lizard hisses.
The quokka twitches its whiskers.
The adder barely misses you. The adder bites you but does no damage.
The adder bites you.
An adder comes into view.
The adder barely misses you.
The adder hisses angrily.
The adder bites you. The adder bites you.
* * * LOW HITPOINT WARNING * * *
The adder bites you.
* * * LOW HITPOINT WARNING * * *
You are lethally poisoned!
The adder poisons you!
It was a potion of degeneration.
There was something very wrong with that liquid.
You feel weakened.
You feel dopey.
You feel clumsy.
* * * LOW HITPOINT WARNING * * *
You feel sick. The adder bites you but does no damage. The adder bites you.
You die...

#.....#.........
#####..##.#.....>.
#########..........>...##.
..........##...#......##
##...#..###..........###
#......##....##...#...#
#......lr....##...#.#.#
######.SS.............#
#.<@###........#..##
#...#.# ##.#..........
#...##........#.........
#.## ##....#..........#.
.. #.##.##.#......... .
#.##.##.......#.#. #.#
.###...†..... ...
##....###[.. #.#..# #...


You could see 2 adders, a quokka and a frilled lizard.

Vanquished Creatures
  An adder (D:2)
  A worm (D:2)
  An endoplasm (D:1)
  5 giant cockroaches (D:1)
  2 hobgoblins (D:1)
  2 jackals (D:2)
  3 ball pythons
  A bat (D:2)
  A frilled lizard (D:2)
  A kobold (D:1)
  2 rats (D:1)
20 creatures vanquished.

Notes
Turn   | Place    | Note
-------+----------+-------------------------------------------
     0 | D:1      | horus123 the Demigod Ice Elementalist began the quest for
                  | the Orb.
     0 | D:1      | Reached XP level 1. HP: 14/14 MP: 5/5
   667 | D:1      | Reached XP level 2. HP: 20/20 MP: 5/7
   676 | D:1      | Reached skill level 4 in Ice Magic
  1006 | D:2      | Reached XP level 3. HP: 18/26 MP: 0/9
  1033 | D:2      | HP: 1/26 [poisoned by an adder]
  1033 | D:2      | Slain by an adder

Illustrated notes

Levels and vault maps discovered:
D:1:      evilmike_arrival_fibonacci_small, layout_loops_ring,
          hellmonk_ecumenical_altar_defaced_shrine
D:2:      layout_rooms, serial_shops, nicolae_shop_window_shopping, uniq_terence

Skill      XL: |  1  2 |
---------------+-------+-----
Spellcasting   | 2 |  2.2
Ice Magic      | 4 |  4.2
Dodging        | |  1.9
Stealth        | |  1.8

Action                   || total
-------------------------++-------
Melee: Short sword       ||     5
       Unarmed           ||     1
 Cast: Freeze            ||    30
  Use: Potion            ||     1
Armor: Robe              ||     3
Dodge: Dodged            ||    31
